 Dungeon Crawl Stone Soup version 0.26.1-11-gd32895ea62 (webtiles) character file.

Game seed: 8662231101067103243

16235 KamiKatze the Spear-Bearer (level 12, -3/94 HPs)
             Began as a Merfolk Fighter on Apr 29, 2021.
             Was a High Priest of Okawaru.
             Slain by a six-headed hydra (9 damage)
             ... on level 2 of the Lair of Beasts.
             The game lasted 01:12:58 (13685 turns).

KamiKatze the Spear-Bearer (Merfolk Fighter)       Turns: 13685, Time: 01:12:58

Health: -3/94      AC: 12    Str: 25    XL:     12   Next: 35%
Magic:  0/16       EV: 21    Int:  7    God:    Okawaru [*****.]
Gold:   625        SH: 14    Dex: 16    Spells: 8/11 levels left

rFire    . . .     SeeInvis .   a - +1 trident
rCold    . . .     Faith    .   c - +1 kite shield
rNeg     . . .     Spirit   +   S - +0 swamp dragon scales
rPois    +         Reflect  .   l - +1 hat {Will+}
rElec    .         Harm     .   K - +0 cloak (curse)
rCorr    .         Rampage  .   N - +0 pair of gloves
Will     +....                  (no boots)
Stlth    +.........             t - amulet of guardian spirit
HPRegen  0.25/turn              b - +6 ring of strength
MPRegen  0.15/turn              L - +4 ring of evasion

@: finesse
A: change form in water, swift swim, stealthy swim
a: Renounce Religion, Heroism, Finesse


You were on level 2 of the Lair of Beasts.
You worshipped Okawaru.
Okawaru was extremely pleased with you.
You visited 3 branches of the dungeon, and saw 13 of its levels.
You also visited: Bailey and Ice Cave.

You collected 625 gold pieces.

Inventory:

Hand Weapons
 a - a +1 trident (weapon)
 w - a +0 dagger of venom
Missiles
 q - 201 stones
 s - a throwing net
 F - 6 atropa-tipped darts
 M - 17 poisoned darts (quivered)
Armour
 c - a +1 kite shield (worn)
 f - a +0 troll leather armour {Purgy}
 l - a +1 hat of willpower (worn)
 K - a cursed +0 cloak (worn)
 N - a +0 pair of gloves (worn)
 S - +0 swamp dragon scales (worn)
Jewellery
 b - a +6 ring of strength (left hand)
 m - an uncursed ring of magical power
 t - an amulet of guardian spirit (around neck)
 B - an uncursed ring of resist corrosion
 L - a +4 ring of evasion (right hand)
 P - a +6 ring of dexterity
Wands
 G - a wand of flame (42)
 H - a wand of polymorph (5)
 O - a wand of iceblast (11)
 Q - a wand of paralysis (12)
 U - a wand of digging (6)
Scrolls
 e - 6 scrolls of teleportation
 g - a scroll of random uselessness {unknown}
 h - a scroll of immolation {unknown}
 i - 2 scrolls of enchant weapon
 u - a scroll of fear
 y - a scroll of blinking {unknown}
 A - 7 scrolls of remove curse
 E - 2 scrolls of fog {unknown}
 R - 3 scrolls of magic mapping
Potions
 d - 3 potions of might
 j - 2 potions of lignification
 k - 5 potions of curing
 n - 2 potions of cancellation
 p - a potion of haste
 x - 3 potions of invisibility
 z - 3 potions of heal wounds
 C - 3 potions of attraction


   Skills:
 + Level 8.5 Fighting
 * Level 13.9 Polearms
 + Level 5.9 Armour
 + Level 9.2 Dodging
 * Level 10.4 Shields
 * Level 5.5 Invocations
 + Level 4.1 Evocations


You had 8 spell levels left.
You knew the following spells:

 Your Spells              Type           Power        Failure   Level
a - Apportation           Tloc           0%           77%         1
b - Blink                 Tloc           N/A          88%         2

Your spell library contained the following spells:

 Spells                   Type           Power        Failure   Level
 Corona                   Hex            0%           77%         1
 Ensorcelled Hibernation  Hex/Ice        0%           88%         2
 Poisonous Vapours        Pois/Air       0%           88%         2
 Confusing Touch          Hex            0%           98%         3
 Conjure Flame            Conj/Fire      0%           98%         3
 Dazzling Flash           Conj/Hex       0%           98%         3
 Gell's Gravitas          Tloc           0%           98%         3
 Ignite Poison            Fire/Tmut/Pois 0%           98%         3
 Mephitic Cloud           Conj/Pois/Air  0%           98%         3
 Tukima's Dance           Hex            0%           98%         3
 Alistair's Intoxication  Tmut/Pois      0%           100%        5
 Freezing Cloud           Conj/Ice/Air   0%           100%        6


Dungeon Overview and Level Annotations

Branches:
Dungeon (10/15)            Temple (1/1) D:5            Lair (2/6) D:9
    Orc (0/2) D:9          Bailey (visited)           IceCv (visited)
  Swamp: Lair:2-4    Shoals: Lair:2-4     Snake: Lair:2-4    Spider: Lair:2-4

Altars:
Ashenzari
Cheibriados
Dithmenos
Elyvilon
Fedhas
Gozag
Hepliaklqana
Kikubaaqudgha
Makhleb
Nemelex Xobeh
Okawaru
Qazlal
Ru
Sif Muna
Trog
Uskayaw
Vehumet
Wu Jian
Xom
Yredelemnul
Zin
The Shining One
Beogh

Shops:
D:5 (


Message History

You can now deal lightning-fast blows.
You block the six-headed hydra's attack.
The six-headed hydra bites you!
* * * LOW HITPOINT WARNING * * *
The six-headed hydra bites you but does no damage.
The six-headed hydra completely misses you.
You block the six-headed hydra's attack. x2
You hit the six-headed hydra.
The six-headed hydra is heavily wounded.
You hit the six-headed hydra.
The six-headed hydra is heavily wounded.
You block the six-headed hydra's attack.
The six-headed hydra bites you but does no damage.
You block the six-headed hydra's attack.
The six-headed hydra bites you!
* * * LOW HITPOINT WARNING * * *
The six-headed hydra bites you.
* * * LOW HITPOINT WARNING * * *
The six-headed hydra bites you!
You die...

#...#.......##.....##....##>##
####...#.......##.....##..####..#
.......#.......#########.......##
.........#.#.###########.......P#
................................#
........)....>.................##
.............†..!...............#
.###...#....†##..........P.#....#
## #...#....####@....P..<##.#..##
+....#.....#.D....##..##.#..#.
..........##.....##...##....#
...#.............###........#
...P......##.....###..##...P#
..........##......###..##...#
...#.............P##...##..##
....#..#.........###..#.#..##
...##..#....................#


You could see a six-headed hydra.

Vanquished Creatures
  3 hydras (Lair:1)
  2 two-headed ogres
  A catoblepas (Lair:2)
  An orc knight (Bailey)
  A black mamba (Lair:1)
  Maggie (D:9)
  A rime drake (Lair:2)
  2 ice devils (Lair:2)
  5 komodo dragons
  Prince Ribbit (D:9)
  6 blink frogs
  A yak (D:9)
  Eustachio (D:5)
  2 wraiths
  A wyvern (D:10)
  Duvessa (D:6)
  2 water moccasins
  Purgy (D:3)
  3 ice beasts
  A phantom (D:9)
  2 sky beasts (D:8)
  4 black bears
  10 orc warriors
  4 ogres
  A necrophage (D:5)
  5 centaurs
  22 bullfrogs
  A big kobold (D:8)
  Dowan (D:6)
  A water moccasin skeleton (D:8)
  6 scorpions
  11 wights
  12 killer bees
  An electric eel (Lair:1)
  A centaur zombie (D:6)
  4 hounds
  A jelly (D:8)
  A bullfrog zombie (D:6)
  A centaur skeleton (D:10)
  2 orc priests (D:9)
  Crazy Yiuf (D:7)
  2 iguanas
  12 orc wizards
  Ijyb (D:5)
  9 worker ants
  Terence (D:2)
  10 adders
  4 gnolls (D:7)
  2 shadow imps
  4 white imps
  2 ufetubi
  An ooze (D:1)
  An adder zombie (D:7)
  An adder skeleton (D:8)
  A worm (D:4)
  3 leopard geckos
  44 orcs
  5 bats
  7 giant cockroaches
  9 goblins
  4 hobgoblins
  2 jackals (D:5)
  10 kobolds
  5 quokkas
  2 frilled lizards
  2 jackal zombies
  A quokka skeleton (D:4)
  8 rats
282 creatures vanquished.

Vanquished Creatures (others)
  63 fungi
  56 plants
119 creatures vanquished.

Grand Total: 401 creatures vanquished

Notes
Turn   | Place    | Note
-------+----------+-------------------------------------------
     0 | D:1      | KamiKatze the Merfolk Fighter began the quest for the Orb.
     0 | D:1      | Reached XP level 1. HP: 18/18 MP: 1/1
   165 | D:1      | Reached XP level 2. HP: 24/24 MP: 2/2
   515 | D:1      | Reached XP level 3. HP: 27/29 MP: 3/3
   698 | D:2      | Noticed Terence
   721 | D:2      | Killed Terence
   722 | D:2      | Reached skill level 1 in Dodging
   753 | D:2      | Reached skill level 4 in Polearms
   947 | D:2      | Found a sparkling altar of Nemelex Xobeh.
  1104 | D:2      | Reached XP level 4. HP: 36/36 MP: 4/4
  1200 | D:2      | Found a faded altar of an unknown god.
  1451 | D:3      | Found a burning altar of Makhleb.
  1451 | D:3      | Found an ornate altar of the Wu Jian Council.
  1452 | D:3      | Found a hazy altar of Hepliaklqana.
  1593 | D:3      | Noticed Purgy
  1661 | D:4      | Reached XP level 5. HP: 19/42 MP: 2/5
  2730 | D:4      | Reached skill level 5 in Polearms
  2990 | D:5      | Entered Level 5 of the Dungeon
  2990 | D:5      | Found Cisilinn's Weapon Shop.
  2990 | D:5      | Noticed a necrophage
  3364 | D:5      | Killed a necrophage
  3365 | D:5      | Reached XP level 6. HP: 43/48 MP: 6/6
  3556 | D:3      | Killed Purgy
  3719 | D:4      | Reached skill level 6 in Polearms
  3719 | D:4      | Reached skill level 1 in Evocations
  3719 | D:4      | Reached XP level 7. HP: 42/55 MP: 5/7
  3855 | D:4      | Reached skill level 5 in Shields
  4003 | D:5      | Noticed Eustachio
  4378 | D:5      | Noticed Ijyb
  4426 | D:5      | Killed Ijyb
  4458 | D:5      | Found a staircase to the Ecumenical Temple.
  4467 | Temple   | Entered the Ecumenical Temple
  4569 | Temple   | Became a worshipper of Warmaster Okawaru
  4730 | D:5      | Reached skill level 7 in Polearms
  4743 | D:5      | Killed Eustachio
  4744 | D:5      | Reached XP level 8. HP: 48/61 MP: 8/8
  4964 | D:4      | Reached skill level 5 in Fighting
  5323 | D:5      | Reached * piety under Okawaru
  5324 | D:5      | Reached skill level 8 in Polearms
  5446 | D:6      | Reached skill level 1 in Invocations
  5644 | D:6      | Reached XP level 9. HP: 68/68 MP: 10/10
  5685 | D:6      | Reached skill level 5 in Dodging
  5696 | D:6      | Reached skill level 9 in Polearms
  6406 | D:6      | Noticed Duvessa
  6406 | D:6      | Noticed Dowan
  6455 | D:6      | Killed Dowan
  6457 | D:6      | Killed Duvessa
  6457 | D:6      | Reached ** piety under Okawaru
  6626 | D:7      | Found a flagged portal.
  6643 | Bailey   | Entered a bailey
  7096 | Bailey   | Noticed an orc knight
  7151 | Bailey   | Killed an orc knight
  7151 | Bailey   | Reached *** piety under Okawaru
  7152 | Bailey   | Reached skill level 10 in Polearms
  7156 | Bailey   | Reached XP level 10. HP: 76/76 MP: 12/12
  7188 | Bailey   | Identified the Volume of Dislocated Poison
  7928 | D:7      | Found a runed translucent door.
  7929 | D:7      | Noticed Crazy Yiuf
  7937 | D:7      | Killed Crazy Yiuf
  8423 | D:8      | Reached skill level 11 in Polearms
  8562 | D:8      | Reached **** piety under Okawaru
  9181 | D:8      | Found a sacrificial altar of Ru.
  9186 | D:8      | Found a radiant altar of Vehumet.
  9190 | D:8      | Found a glowing silver altar of Zin.
  9342 | D:9      | Noticed a two-headed ogre
  9393 | D:8      | Killed a two-headed ogre
  9450 | D:9      | Noticed Maggie
  9480 | D:9      | Killed Maggie
  9481 | D:9      | Reached skill level 12 in Polearms
  9481 | D:9      | Reached skill level 5 in Armour
  9542 | D:9      | Reached XP level 11. HP: 84/84 MP: 13/13
  9643 | D:9      | Noticed Prince Ribbit
  9889 | D:9      | Found a staircase to the Lair.
  9953 | D:9      | Found a staircase to the Orcish Mines.
 10226 | D:9      | Killed Prince Ribbit
 10503 | D:9      | Found a roughly hewn altar of Beogh.
 10660 | D:10     | Entered Level 10 of the Dungeon
 10696 | D:10     | Noticed a two-headed ogre
 10719 | D:10     | Killed a two-headed ogre
 10719 | D:10     | Reached ***** piety under Okawaru
 11553 | Lair:1   | Entered Level 1 of the Lair of Beasts
 11601 | Lair:1   | Reached skill level 13 in Polearms
 12007 | Lair:1   | Reached skill level 10 in Shields
 12075 | Lair:1   | Noticed a seven-headed hydra
 12087 | Lair:1   | Killed a seven-headed hydra
 12118 | Lair:1   | Learned a level 1 spell: Apportation
 12121 | Lair:1   | Learned a level 2 spell: Blink
 12330 | Lair:1   | Noticed a seven-headed hydra
 12339 | Lair:1   | Killed a seven-headed hydra
 12340 | Lair:1   | Reached XP level 12. HP: 61/93 MP: 10/15
 12388 | Lair:1   | Noticed an eight-headed hydra
 12436 | Lair:1   | Killed an eight-headed hydra
 12436 | Lair:1   | Received a gift from Okawaru
 12437 | Lair:1   | Reached skill level 5 in Invocations
 12629 | Lair:1   | Reached ****** piety under Okawaru
 12975 | Lair:2   | Noticed a catoblepas
 13137 | Lair:2   | Found a frozen archway.
 13187 | IceCv    | Entered an ice cave
 13608 | Lair:2   | Noticed a six-headed hydra
 13666 | Lair:2   | Killed a catoblepas
 13685 | Lair:2   | Slain by a six-headed hydra

Illustrated notes

Levels and vault maps discovered:
D:1:      eino_arrival_cavern_e, layout_rooms
D:2:      layout_loops_ring, chequers_ecumenical_altar_island,
          nemelex_diamond_rough_becter, uniq_terence
D:3:      layout_basic, grunt_temple_overflow_open, uniq_purgy
D:4:      layout_cave_pools
D:5:      layout_cave_pools, lemuel_temple_firewalk_b, serial_shops, shop,
          uniq_eustachio, uniq_ijyb
D:6:      layout_gridville, minmay_chambers_of_fives, uniq_duvessa
D:7:      layout_layer_cave, enter_bailey_3, uniq_crazy_yiuf_cottage
D:8:      layout_basic, grunt_temple_overflow_diamond
D:9:      layout_roguey, due_lair_maze_entry_diamond,
          minmay_orc_entry_temple_small, uniq_maggie, uniq_prince_ribbit1
D:10:     layout_roguey
Temple:   kb_temple_of_zot
Lair:1:   layout_chaotic_city, serial_bayou_shore_a, grunt_megastairs_1
Lair:2:   layout_regular_city, palyth_hydra_swamp_entry,
          portal_ice_cave_demonic_guard, hibernation_bobbens, lemuel_fruit_tree

Skill      XL: |  1  2  3  4  5  6  7  8  9 10 11 12 |
---------------+-------------------------------------+-----
Dodging        | 1 2 4 6 7 8 9 |  9.2
Polearms       | 4 5 6 7 8 10 12 13 | 13.9
Shields        | 4 5 6 7 9 10 | 10.4
Fighting       | 4 5 6 7 8 |  8.5
Evocations     | 1 2 3 4 |  4.1
Armour         | 3 4 5 |  5.9
Invocations    | 1 3 4 5 |  5.5

Action                   |  1- 3 |  4- 6 |  7- 9 | 10-12 || total
-------------------------+-------+-------+-------+-------++-------
Melee: Trident           |   102 |   185 |   529 |   867 ||  1683
       Tailslap          |       |     3 |     8 |     3 ||    14
       Dagger            |       |       |    26 |    67 ||    93
Throw: Dart              |       |       |    14 |     5 ||    19
       Stone             |       |       |     1 |       ||     1
Invok: Heroism           |       |       |     1 |     5 ||     6
       Finesse           |       |       |       |     2 ||     2
Evoke: Wand              |       |       |       |     1 ||     1
  Use: Scroll            |       |    10 |     2 |     6 ||    18
       Potion            |       |       |       |     2 ||     2
 Stab: Sleeping          |       |       |     4 |     1 ||     5
       Invisible         |       |       |     1 |       ||     1
Armor: Scale mail        |    24 |    61 |       |       ||    85
       Troll leather arm |       |     2 |    80 |    30 ||   112
       Skin              |       |       |     5 |       ||     5
       Swamp dragon scal |       |       |       |    30 ||    30
Dodge: Dodged            |    27 |    59 |   258 |   362 ||   706
Block: Kite shield       |    35 |    84 |   310 |   364 ||   793
